 Dungeon Sprint DCSS version 0.31.0-12-g77e489cdc1 (webtiles) character file.

Game seed: 8258389942993967720

5 Heoruswealwe the Trooper (level 1, 0/20 HPs)
             Began as a Minotaur Fighter on Mar 5, 2024.
             Slain by a gnoll sergeant
             ... wielding a +0 spear
              (8 damage)
             ... in the Dungeon (Sprint IX: "|||||||||||||||||||||||||||||").
             The game lasted 00:00:26 (86 turns).

Heoruswealwe the Trooper (Minotaur Fighter)           Turns: 86, Time: 00:00:26

Health: 0/20       AC:  7    Str: 20    XL:     1   Next: 66%
Magic:  0/0        EV:  9    Int:  5    God:
Gold:   0          SH:  4    Dex:  9    Spells: 0/0 levels left

rFire   . . .        a - +0 trident
rCold   . . .        d - +0 buckler
rNeg    . . .        c - +0 scale mail
rPois   .            (helmet restricted)
rElec   .            (no cloak)
rCorr   .            (no gloves)
SInv    .            (no boots)
Will    .....        (no amulet) Stlth
                     (no ring)
HPRegen 0.23/turn    (no ring)
MPRegen 0.07/turn

%: no teleportation
@: weakened
A: horns 2, retaliatory headbutt
a: no special abilities


You were in the Dungeon.
You visited 1 branch

Inventory:

Hand Weapons
 a - a +0 trident (weapon)
Armour
 c - a +0 scale mail (worn)
 d - a +0 buckler (worn)
Scrolls
 j - a scroll of blinking
Potions
 b - a potion of might
 g - a potion of haste
 h - 2 potions of magic
 i - a potion of berserk rage


   Skills:
 + Level 4.2 Fighting
 * Level 3.8 Polearms
 + Level 4.2 Armour
 - Level 3.6 Shields


You couldn't memorise any spells.
You didn't know any spells.
Your spell library was empty.

Dungeon Overview and Level Annotations

Branches:
Dungeon (1/1)

Altars:


Innate Abilities, Weirdness & Mutations

You have a pair of horns on your head.
You reflexively headbutt those who attack you in melee.


Message History

There is an open door to the Dungeon here.
Things that are here:
a +0 whip; a stone; a giant cockroach corpse You start resting.
HP restored.
You open the door.
A bombardier beetle, a hound, 2 gnolls and a scorpion come into view.
The gnoll bouda shouts!
The hound barks!
The gnoll sergeant shouts!
You barely miss the scorpion. Your headbutt misses the scorpion.
You block the scorpion's attack. The scorpion stings you.
You block the gnoll sergeant's attack.
You barely miss the scorpion.
You headbutt the scorpion, but do no damage.
The scorpion stings you.
You are poisoned.
The scorpion poisons you! The gnoll sergeant barely misses you.
You hit the scorpion but do no damage. Your headbutt misses the scorpion.
You feel very sick. You block the scorpion's attack.
The gnoll sergeant hits you from afar with a +0 spear.
You feel better. The scorpion barely misses you.
The gnoll sergeant hits you from afar with a +0 spear!
* * * LOW HITPOINT WARNING * * *
The scorpion stings you.
* * * LOW HITPOINT WARNING * * *
You feel much better.
The gnoll sergeant hits you from afar with a +0 spear!
The gnoll bouda gazes fiercely through you!
You feel your attacks grow feeble. You block the scorpion's attack.
You hit the scorpion.
You headbutt the scorpion, but do no damage.
The scorpion is lightly wounded.
You block the scorpion's attack.
The gnoll sergeant hits you from afar with a +0 spear!
You die...

▓+▓
▓.▓
▓g▓
▓B▓
▓h▓
▓g▓
▓s▓
▓@▓
▓.▓
▓.▓
▓.▓
▓.▓
▓)▓
▓.▓
▓.▓
▓.▓


You could see a gnoll sergeant, a gnoll bouda, a scorpion, a bombardier beetle
and a hound.

Vanquished Creatures
  An endoplasm (D)
  A giant cockroach (D)
  A jackal (D)
  A kobold (D)
  A rat (D)
5 creatures vanquished.

Notes
Turn   | Place    | Note
-------+----------+-------------------------------------------
     0 | D        | Heoruswealwe the Minotaur Fighter began the quest for the
                  | Orb.
     0 | D        | Reached XP level 1. HP: 19/19 MP: 0/0
    80 | D        | Noticed a gnoll bouda
    80 | D        | Noticed a bombardier beetle
    80 | D        | Noticed a hound
    80 | D        | Noticed a gnoll sergeant
    80 | D        | Noticed a scorpion
    84 | D        | HP: 1/20 [scorpion (4)]
    86 | D        | Slain by a gnoll sergeant

Illustrated notes

Levels and vault maps discovered:
D:        linesprint [early_d, line_temple, items_1, d_10, items_2, lair_1,
          lair_end, items_3, orc_1, orc_end, items_4, d_15, swamp_1, shoals_1,
          snake_1, spider_1, d_20, vaults_1, items_5, swamp_end, shoals_end,
          snake_end, spider_end, vaults_end, d_27, items_6, zot_1, zot_end,
          crypt_end, forest_end, elf_end, slime_end, tomb_end, abyss_end,
          pan_hell_end]

Skill      XL: |  1 |
---------------+----+-----
Polearms       | 3 |  3.8
Fighting       | 4 |  4.2
Armour         | 4 |  4.2
Shields        | |  3.6

Action                     || total
---------------------------++-------
  Melee: Trident           ||    19
         Headbutt          ||     3
    Use: Potion            ||     2
 Armour: Scale mail        ||    13
  Dodge: Dodged            ||     9
  Block: Buckler           ||     7
